 Dungeon Crawl Stone Soup version 0.30-a0-743-gbfdf073431 (webtiles) character file.

Game seed: 16205599859676865696

114052 epen the Protected (level 16, -7/117 HPs)
             Began as a Gnoll Wanderer on Feb 6, 2023.
             Was a High Priest of Hepliaklqana.
             Mangled by a white very ugly thing (40 damage)
             ... in an ice cave.
             The game lasted 00:47:15 (23389 turns).

epen the Protected (Gnoll Wanderer)                Turns: 23389, Time: 00:47:15

Health: -7/117     AC: 30    Str: 25    XL:     16   Next: 64%
Magic:  27/31      EV: 15    Int: 14    God:    Hepliaklqana [*****.]
Gold:   3672       SH:  0    Dex: 17    Spells: 28/37 levels left

rFire   + . .      SeeInvis +    H - +7 morningstar "Roovynk" {venom, Str+3}
rCold   . . .      Faith    .    (no shield)
rNeg    + . .      Spirit   .    W - +7 chain mail of Irghorugau {rPois Int+2 SInv}
rPois   +          Reflect  .    d - +2 hat {Will+}
rElec   .          Harm     .    V - +0 cloak
rCorr   .          Rampage  ∞    s - +1 pair of gloves
Will    ++...                    Y - +3 pair of seven-league boots {Rampage+∞}
Stlth   ++                       x - amulet of regeneration
HPRegen 1.19/turn                i - ring "Wishioge" {rPois rF+ rN+ Str+2}
MPRegen 0.22/turn                j - +6 ring of strength

@: no status effects
A: reduced essence, fangs 1, strong nose, distributed training
a: Renounce Religion, Recall Ancestor, Ancestor Identity, Transference, Idealise


You were in an ice cave.
You worshipped Hepliaklqana.
Hepliaklqana was extremely pleased with you.
You visited 4 branches of the dungeon, and saw 25 of its levels.
You also visited: Sewer, Ossuary, Ice Cave and Volcano.

You collected 3672 gold pieces.

Inventory:

Hand Weapons
 H - the +7 morningstar "Roovynk" (weapon) {venom, Str+3}
   (You found it on level 2 of the Lair of Beasts)

   Str:       It affects your strength (+3).
Missiles
 r - 14 curare-tipped darts (quivered)
 C - a throwing net
Armour
 d - a +2 hat of willpower (worn)
 s - a +1 pair of gloves (worn)
 V - a +0 cloak (worn)
 W - the +7 chain mail of Irghorugau (worn) {rPois Int+2 SInv}
   (You found it on level 3 of the Lair of Beasts)

   Int:       It affects your intelligence (+2).
   rPois:     It protects you from poison.
   SInv:      It lets you see invisible.
 Y - the +3 pair of seven-league boots (worn) {Rampage+∞}
   (You found it on level 5 of the Lair of Beasts)

   Rampage+∞: When moving toward enemies, its wearer moves as far as possible.
Jewellery
 e - a +6 ring of intelligence
 i - the ring "Wishioge" (left hand) {rPois rF+ rN+ Str+2}
   (You acquired it on level 6 of the Dungeon)

   [ring of positive energy]

   Str:       It affects your strength (+2).
   rF:        It protects you from fire.
   rPois:     It protects you from poison.
   rN:        It protects you from negative energy.
 j - a +6 ring of strength (right hand)
 m - a ring of resist corrosion
 v - a ring of see invisible
 x - an amulet of regeneration (around neck)
 B - an amulet of faith
 D - a ring of willpower
 J - a ring of willpower
 R - a ring of wizardry
 S - a ring of protection from fire
Wands
 t - a wand of polymorph (25)
 y - a wand of flame (41)
 I - a wand of paralysis (7)
 M - a wand of mindburst (10)
 U - a wand of digging (6)
Scrolls
 a - a scroll of silence
 b - 2 scrolls of magic mapping
 c - 7 scrolls of fog
 f - 2 scrolls of poison
 h - 6 scrolls of enchant armour
 k - a scroll of butterflies
 o - 2 scrolls of immolation
 p - 3 scrolls of teleportation
 u - a scroll of brand weapon
 w - 4 scrolls of blinking
 K - 3 scrolls of vulnerability
 T - a scroll of amnesia
 X - 6 scrolls of identify
Potions
 g - 5 potions of resistance
 l - 10 potions of curing
 n - 3 potions of attraction
 q - 3 potions of cancellation
 z - a potion of invisibility
 A - 3 potions of magic
 E - 5 potions of mutation
 F - 3 potions of ambrosia
 G - 3 potions of brilliance
 L - 3 potions of flight
 O - a potion of might
 Q - 2 potions of lignification {unknown}
Miscellaneous
 Z - a lightning rod (4/4)


   Skills:
 + Level 13.1 Fighting
 + Level 11.7 Short Blades
 + Level 11.4 Long Blades
 + Level 11.4 Axes
 + Level 11.4 Maces & Flails
 + Level 11.4 Polearms
 + Level 11.4 Staves
 + Level 11.4 Ranged Weapons
 + Level 11.4 Throwing
 + Level 13.1 Armour
 + Level 11.7 Dodging
 + Level 11.7 Stealth
 + Level 11.4 Shields
 + Level 11.4 Unarmed Combat
 + Level 11.4 Spellcasting
 + Level 9.6 Conjurations
 + Level 9.6 Hexes
 + Level 9.6 Summonings
 + Level 9.6 Necromancy
 + Level 9.6 Translocations
 + Level 9.6 Transmutations
 + Level 9.6 Fire Magic
 + Level 9.6 Ice Magic
 + Level 9.6 Air Magic
 + Level 9.6 Earth Magic
 + Level 9.6 Poison Magic
 + Level 12.7 Invocations
 + Level 11.4 Evocations


You had 28 spell levels left.
You knew the following spells:

 Your Spells              Type           Power      Damage    Failure   Level
a - Frozen Ramparts       Ice            70%        1d11      2%          3
b - Statue Form           Tmut/Erth      23%        N/A       75%         6

Your spell library contained the following spells:

 Spells                   Type           Power      Damage    Failure   Level
 Beastly Appendage        Tmut           70%        N/A       1%          1
 Magic Dart               Conj           100%       1d8       1%          1
 Necrotise                Necr           100%       1d9       1%          1
 Sandblast                Erth           70%        2d15      1%          1
 Shock                    Conj/Air       100%       1d9       1%          1
 Sting                    Tmut/Pois      100%       1d8       1%          1
 Passwall                 Tmut/Erth      29%        N/A       1%          2
 Poisonous Vapours        Pois/Air       70%        N/A       1%          2
 Scorch                   Fire           70%        2d8       1%          2
 Searing Ray              Conj           70%        2d7       1%          2
 Wereblood                Tmut           35%        N/A       1%          2
 Call Canine Familiar     Summ           35%        N/A       2%          3
 Ozocubu's Armour         Ice            35%        N/A       2%          3
 Portal Projectile        Hex/Tloc       70%        N/A       2%          3
 Spider Form              Tmut/Pois      35%        N/A       2%          3
 Stone Arrow              Conj/Erth      70%        3d11      2%          3
 Swiftness                Air            35%        N/A       2%          3
 Airstrike                Air            17%        2d(3-19)  8%          4
 Flame Wave               Conj/Fire      35%        2d10      8%          4
 Fulminant Prism          Conj/Hex       17%        3d11      8%          4
 Ice Form                 Ice/Tmut       35%        N/A       8%          4
 Leda's Liquefaction      Hex/Erth       17%        N/A       8%          4
 Olgreb's Toxic Radiance  Pois           35%        N/A       8%          4
 Summon Ice Beast         Ice/Summ       35%        N/A       8%          4
 Lee's Rapid Deconstruct  Erth           17%        3d11*     21%         5
 Metabolic Englaciation   Hex/Ice        17%        N/A       21%         5
 Iron Shot                Conj/Erth      17%        9d4       75%         6
 Simulacrum               Ice/Necr       17%        N/A       75%         6
 Summon Cactus Giant      Summ           17%        N/A       75%         6
 Ozocubu's Refrigeration  Ice            17%        4d11      99%         7


Dungeon Overview and Level Annotations

Branches:
Dungeon (15/15) Temple (0/1) D:7 Lair (5/5) D:9 Swamp (3/4) Lair:2 Spider (0/4) Lair:2 Slime (0/5) Lair:4 Orc (2/2) D:9 Elf (0/3) Orc:2 Vaults (0/5) D:13 D:14 Depths (0/4) D:15 Sewer (visited) Ossuary (visited) IceCv (1/1) Volcano (visited)

Altars:
Ashenzari
Cheibriados
Dithmenos
Fedhas
Gozag
Hepliaklqana
Kikubaaqudgha
Qazlal
Ru
Sif Muna
Trog
Vehumet
Wu Jian
Yredelemnul
The Shining One
Jiyva

Shops:
D:8 *   Orc:2 [((:=*

Annotations:
D:11 3 runed translucent doors, exclusion: obsidian statue, funkygono's ghost, journeyman GrFE
Lair:1 exclusion: oklob plant
Swamp:1 exclusion: oklob plant


Innate Abilities, Weirdness & Mutations

Your life essence is reduced to manifest your ancestor. (-10% HP)
You have very sharp teeth.
Your uncanny sense of smell can sniff out nearby items.
Your experience applies equally to all skills.


Message History

You kill the swamp worm!
No target in view!
You swap places.
You hear the crackling of a melting archway.
There is a frozen archway here.
The world spins around you as you enter the gateway.
You enter an ice cave!
Found a ring mail.
Found an ice covered gate leading back out of this place.
There is an ice choked empty arch of ancient stone here.
Hepliaklqana grants Dolboeb healing and protection!
Dolboeb is healed somewhat.
You stride towards the caustic shrike simulacrum!
An anaconda simulacrum and a dire elephant simulacrum come into view.
Found 39 gold pieces, a triple crossbow, a slimy scale mail and 6 stones.
You closely miss the caustic shrike simulacrum.
Your punch misses the caustic shrike simulacrum.
The caustic shrike simulacrum claws you but does no damage.
The caustic shrike simulacrum claws Dolboeb.
The caustic shrike simulacrum freezes Dolboeb!
Dolboeb resists.
The caustic shrike simulacrum claws you but does no damage.
You closely miss the caustic shrike simulacrum.
The caustic shrike simulacrum closely misses you.
Dolboeb hits the caustic shrike simulacrum with a +0 dagger of draining.
Dolboeb points at the caustic shrike simulacrum and mumbles some strange words.
The caustic shrike simulacrum appears confused.
The caustic shrike simulacrum barely misses you.
The alligator simulacrum bites you but does no damage.
The alligator simulacrum tail-slaps you.
The alligator simulacrum freezes you!!
You bludgeon the white very ugly thing!!
The white very ugly thing is moderately wounded.
The caustic shrike simulacrum barely misses you.
The alligator simulacrum bites you! The alligator simulacrum freezes you!!
The alligator simulacrum barely misses you.
The white very ugly thing claws you!
* * * LOW HITPOINT WARNING * * *
The white very ugly thing freezes you!!!
You die...

...###
........##
.Z.......##
..........##
$..8.......#
.(...Z.R...#
©[[...Z..∩∩#
.)....uZ...#
$..8..Z@...#
...Z.ZZ...##
.........##
........##
##...####
####


You could see the friendly Dolboeb the hexer (idealised), a white very ugly
thing, an anaconda simulacrum (dormant), an alligator simulacrum, 3 dire
elephant simulacra, a golden dragon simulacrum and 2 caustic shrike simulacra.

Vanquished Creatures
  Rupert (D:15)
  Gastronok (D:8)
  Roxanne (D:15)
  A fenstrider witch (Swamp:2)
  An orc warlord (Orc:2)
  Nessos (Lair:4)
  3 bunyips (Swamp:1)
  Josephine (Lair:4)
  A great orb of eyes (D:15)
  9 hydras
  A catoblepas (Lair:3)
  5 two-headed ogres
  A ghost crab (Swamp:2)
  3 alligators (Swamp:2)
  4 centaur warriors
  8 death yaks
  8 boulder beetles
  A hell knight (Volcano)
  The ghost of gabibbone the Covert, a novice FoEE of Hepliaklqana (D:9)
  Urug (D:14)
  4 orc high priests (Orc:2)
  3 spriggans
  A salamander mystic (Volcano)
  3 spriggan druids
  A goliath frog (Swamp:1)
  2 swamp dragons
  A glowing orange brain (D:13)
  2 bog bodies
  4 orc knights
  A lindwurm (Lair:5)
  A deep elf pyromancer (D:12)
  3 salamanders (Volcano)
  4 orc sorcerers (Orc:2)
  A cyclops (D:15)
  An oklob plant (Orc:2)
  15 ugly things
  2 will-o-the-wisps (Swamp:2)
  Maurice (D:11)
  A guardian serpent (Lair:5)
  4 black mambas
  2 elephants
  A torpor snail (Lair:5)
  5 cane toads
  6 komodo dragons
  4 rime drakes
  2 freezing wraiths (Swamp:3)
  A komodo dragon (shapeshifter) (D:13)
  2 tengu conjurers (D:15)
  3 trolls
  A queen bee (shapeshifter) (D:15)
  2 polar bears (Lair:5)
  2 meliai (D:13)
  4 tyrant leeches
  16 blink frogs
  A hornet (Swamp:1)
  5 dream sheep (Lair:5)
  A jumping spider (shapeshifter) (D:15)
  A snapping turtle (shapeshifter) (D:15)
  A culicivora (shapeshifter) (D:14)
  15 slime creatures
  6 wraiths
  2 wyverns
  5 basilisks
  19 yaks
  A basilisk (shapeshifter) (D:13)
  13 humans (D:13)
  A chaos spawn (D:5)
  6 wargs
  A steam dragon (D:6)
  4 vampire mosquitoes (Swamp:1)
  9 swamp worms
  3 acid dragons
  10 water moccasins
  4 swamp drakes (Swamp:1)
  26 orc warriors
  A sky beast (D:8)
  Pargi (Sewer)
  2 black bears
  9 ogres
  A tengu (shapeshifter) (D:13)
  10 centaurs
  2 kobold brigands
  A gnoll sergeant (D:9)
  A scorpion (D:6)
  2 bullfrogs
  A necrophage (D:4)
  9 killer bees
  An electric eel (Lair:5)
  A jelly (D:4)
  2 hounds (D:5)
  9 orc priests
  11 orc wizards
  An iguana (D:6)
  A mummy (Ossuary)
  9 adders
  2 gnolls (D:9)
  A white imp (D:7)
  An ufetubus (D:4)
  A worm (D:2)
  3 dart slugs
  42 orcs
  A spectral bat (Ossuary)
  6 bats
  4 endoplasms
  5 giant cockroaches
  5 goblins
  2 hobgoblins
  4 quokkas
  6 ball pythons
  5 bat simulacra (Ossuary)
  A frilled lizard (D:3)
  11 gnoll zombies (Ossuary)
  4 goblin simulacra (Ossuary)
  A goblin zombie (Ossuary)
  3 hobgoblin zombies (Ossuary)
  16 kobolds
  2 kobold simulacra (Ossuary)
  3 kobold zombies (Ossuary)
  6 orc zombies (Ossuary)
  11 rats
  2 rat simulacra (Ossuary)
  A spectral goblin (Ossuary)
  2 spectral kobolds (Ossuary)
519 creatures vanquished.

Vanquished Creatures (collateral kills)
  3 slime creatures
  An orc warlord (Orc:2)
  Snorg (Lair:5)
  3 hydras
  3 centaur warriors
  2 death yaks (Lair:5)
  Sonja (Lair:5)
  A swamp dragon (Swamp:1)
  A goliath frog (Swamp:2)
  A bog body (Lair:2)
  A spriggan druid (Swamp:1)
  2 orc knights
  4 ugly things
  3 salamanders (Volcano)
  A will-o-the-wisp (Swamp:1)
  An elephant (Lair:5)
  A molten gargoyle (Lair:5)
  An unseen horror (D:6)
  A torpor snail (Lair:5)
  4 cane toads (Lair:5)
  A rime drake (Lair:5)
  A komodo dragon (Lair:4)
  An efreet (D:13)
  A tengu conjurer (D:15)
  3 trolls
  A meliai (D:13)
  2 hornets
  A wolf spider simulacrum (D:15)
  7 blink frogs
  A tyrant leech (Swamp:3)
  2 spriggans
  3 humans (D:13)
  7 yaks
  A wraith (D:13)
  A basilisk (Lair:3)
  A warg (Orc:2)
  A swamp worm (Swamp:1)
  2 water moccasins
  8 orc warriors
  An ice beast (D:7)
  3 sky beasts
  A swamp drake (Swamp:2)
  2 centaurs
  2 ogres (Orc:2)
  A phantom (D:5)
  A kobold brigand (D:10)
  2 bullfrogs
  A wight (D:6)
  6 killer bees
  2 electric eels
  A howler monkey (D:11)
  2 hounds
  3 orc priests
  3 iguanas
  4 orc wizards
  2 gnolls (D:9)
  An ufetubus (D:6)
  A dart slug (D:5)
  13 orcs
  3 bats
  2 endoplasms (D:3)
  2 hobgoblins
  4 jackals (D:3)
  A kobold (D:10)
  2 quokkas (D:3)
  A gnoll zombie (Ossuary)
  A goblin zombie (Ossuary)
  2 kobold zombies (Ossuary)
  2 orc zombies (Ossuary)
  A rat (D:3)
  A spectral goblin (Ossuary)
155 creatures vanquished.

Vanquished Creatures (others)
  A bloated husk (Swamp:1)
  An orc warrior (Orc:2)
  A jelly (D:6)
  A shadow imp (D:6)
  14 hexers
  2 ancestors (D:2)
  8 foxfires
  38 fungi
  13 plants
79 creatures vanquished.

Grand Total: 753 creatures vanquished

Notes
Turn   | Place    | Note
-------+----------+-------------------------------------------
     0 | D:1      | epen the Gnoll Wanderer began the quest for the Orb.
     0 | D:1      | epen set off with the following items: a +0 short sword, a
                  | +0 chain mail, a scroll of fog, a potion of heal wounds.
     0 | D:1      | Reached XP level 1. HP: 23/23 MP: 2/2
   461 | D:1      | Reached XP level 2. HP: 29/29 MP: 3/3
  1153 | D:2      | Reached XP level 3. HP: 30/35 MP: 4/4
  1426 | D:2      | Found a faded altar of an unknown god.
  1442 | D:2      | Prayed at the altar of an unknown god.
  1442 | D:2      | Became a worshipper of Hepliaklqana the Forgotten
  1442 | D:2      | Reached * piety under Hepliaklqana
  1804 | D:2      | Reached skill level 1 in Long Blades
  1804 | D:2      | Reached skill level 1 in Axes
  1804 | D:2      | Reached skill level 1 in Maces & Flails
  1804 | D:2      | Reached skill level 1 in Polearms
  1804 | D:2      | Reached skill level 1 in Staves
  1804 | D:2      | Reached skill level 1 in Ranged Weapons
  1804 | D:2      | Reached skill level 1 in Throwing
  1804 | D:2      | Reached skill level 1 in Shields
  1804 | D:2      | Reached skill level 1 in Unarmed Combat
  1804 | D:2      | Reached skill level 1 in Spellcasting
  1804 | D:2      | Reached skill level 1 in Evocations
  2195 | D:3      | Reached XP level 4. HP: 20/36 MP: 6/6
  2401 | D:3      | Reached ** piety under Hepliaklqana
  2402 | D:3      | Remembered your ancestor Dolboeb as a hexer
  2404 | D:3      | Identified the +2 dagger of Awkwardness {drain, Fly rElec
                  | Str-2 Int-2}
  2530 | D:3      | Reached skill level 1 in Conjurations
  2530 | D:3      | Reached skill level 1 in Hexes
  2530 | D:3      | Reached skill level 1 in Summonings
  2530 | D:3      | Reached skill level 1 in Necromancy
  2530 | D:3      | Reached skill level 1 in Translocations
  2530 | D:3      | Reached skill level 1 in Transmutations
  2530 | D:3      | Reached skill level 1 in Fire Magic
  2530 | D:3      | Reached skill level 1 in Ice Magic
  2530 | D:3      | Reached skill level 1 in Air Magic
  2530 | D:3      | Reached skill level 1 in Earth Magic
  2530 | D:3      | Reached skill level 1 in Poison Magic
  2599 | D:3      | Found a glowing drain.
  2629 | D:3      | Reached XP level 5. HP: 42/42 MP: 7/7
  2652 | Sewer    | Entered a sewer
  2723 | Sewer    | Noticed Pargi
  2740 | Sewer    | Killed Pargi
  2831 | D:3      | Reached XP level 6. HP: 36/47 MP: 8/8
  3855 | D:4      | Reached XP level 7. HP: 10/53 MP: 10/10
  4395 | D:4      | Reached *** piety under Hepliaklqana
  4637 | D:5      | Entered Level 5 of the Dungeon
  4703 | D:5      | Found an opulent altar of Gozag.
  4945 | D:5      | Noticed Grinder
  4946 | D:5      | Grinder changed into Grinder the chaos spawn
  4946 | D:5      | Noticed Grinder
  4959 | D:5      | Killed Grinder the chaos spawn
  4960 | D:5      | Reached XP level 8. HP: 56/60 MP: 12/12
  5086 | D:5      | Identified the +4 hand axe "Saimait" {freeze, rF+ Dex+2}
  5346 | D:6      | Identified 2 scrolls of acquirement
  5346 | D:6      | Acquired 1233 gold pieces
  5386 | D:6      | Acquired the ring "Wishioge" {rPois rF+ rN+ Str+2}
  5529 | D:6      | Identified the +0 dagger of Turmoil {vamp, rElec SInv}
  5613 | D:6      | Killed an unseen horror
  5725 | D:6      | Reached skill level 5 in Invocations
  5795 | D:6      | Reached **** piety under Hepliaklqana
  5808 | D:6      | Found a sand-covered staircase.
  5817 | Ossuary  | Entered an ossuary
  6263 | D:6      | Found an ornate altar of the Wu Jian Council.
  6548 | D:6      | Reached XP level 9. HP: 62/65 MP: 13/15
  6693 | D:7      | Found a staircase to the Ecumenical Temple.
  6822 | D:7      | Reached skill level 5 in Short Blades
  6822 | D:7      | Reached skill level 5 in Dodging
  6909 | D:7      | Reached skill level 5 in Stealth
  6929 | D:7      | Found a stormy altar of Qazlal.
  6976 | D:7      | Identified the +11 war axe of the Forgotten Spines {drain,
                  | rElec Will++}
  6987 | D:7      | Found a radiant altar of Vehumet.
  7007 | D:7      | Found an ancient bone altar of Kikubaaqudgha.
  7008 | D:7      | Found a shimmering blue altar of Sif Muna.
  7014 | D:7      | Got Kikubaaqudgha's Encyclopedia of Rot
  7244 | D:8      | Found a blossoming altar of Fedhas.
  7263 | D:8      | Noticed Gastronok
  7290 | D:8      | Killed Gastronok
  7291 | D:8      | Reached skill level 5 in Long Blades
  7291 | D:8      | Reached skill level 5 in Axes
  7291 | D:8      | Reached skill level 5 in Maces & Flails
  7291 | D:8      | Reached skill level 5 in Polearms
  7291 | D:8      | Reached skill level 5 in Staves
  7291 | D:8      | Reached skill level 5 in Ranged Weapons
  7291 | D:8      | Reached skill level 5 in Throwing
  7291 | D:8      | Reached skill level 5 in Shields
  7291 | D:8      | Reached skill level 5 in Unarmed Combat
  7291 | D:8      | Reached skill level 5 in Spellcasting
  7291 | D:8      | Reached skill level 5 in Evocations
  7291 | D:8      | Reached XP level 10. HP: 59/73 MP: 15/17
  7479 | D:8      | Noticed a two-headed ogre
  7510 | D:8      | Killed a two-headed ogre
  7714 | D:8      | Reached ***** piety under Hepliaklqana
  7748 | D:8      | Found Daxzeasirr's Changing Room.
  8269 | D:9      | Found a runed translucent gate.
  8269 | D:9      | Found a runed translucent gate.
  8282 | D:9      | Found a runed translucent gate.
  8344 | D:9      | You fall into a shaft and drop 1 floor!
  8344 | D:10     | Entered Level 10 of the Dungeon
  8400 | D:9      | Found a staircase to the Orcish Mines.
  8492 | D:9      | Found a bloodstained altar of Trog.
  8626 | D:9      | Noticed an elephant
  8643 | D:9      | Killed an elephant
  8644 | D:9      | Reached skill level 5 in Conjurations
  8644 | D:9      | Reached skill level 5 in Hexes
  8644 | D:9      | Reached skill level 5 in Summonings
  8644 | D:9      | Reached skill level 5 in Necromancy
  8644 | D:9      | Reached skill level 5 in Translocations
  8644 | D:9      | Reached skill level 5 in Transmutations
  8644 | D:9      | Reached skill level 5 in Fire Magic
  8644 | D:9      | Reached skill level 5 in Ice Magic
  8644 | D:9      | Reached skill level 5 in Air Magic
  8644 | D:9      | Reached skill level 5 in Earth Magic
  8644 | D:9      | Reached skill level 5 in Poison Magic
  8644 | D:9      | Reached XP level 11. HP: 59/80 MP: 20/20
  8666 | D:9      | Found a staircase to the Lair.
  8974 | D:9      | Noticed gabibbone's ghost (novice FoEE)
  9016 | D:9      | Killed gabibbone's ghost
  9271 | D:10     | Found a shadowy altar of Dithmenos.
  9294 | D:10     | Found a sacrificial altar of Ru.
  9503 | D:10     | Found a glowing golden altar of the Shining One.
  9505 | D:10     | Noticed an angel
  9516 | D:10     | Found a basalt altar of Yredelemnul.
  9546 | D:10     | Noticed a two-headed ogre
  9552 | D:10     | Killed a two-headed ogre
  9672 | D:10     | Found a hazy altar of Hepliaklqana.
  9849 | Lair:1   | Entered Level 1 of the Lair of Beasts
 10223 | Lair:1   | Found a glowing golden altar of the Shining One.
 10223 | Lair:1   | Noticed an oklob plant
 10793 | Lair:2   | Reached XP level 12. HP: 61/87 MP: 22/22
 11007 | Lair:2   | Identified the +7 morningstar "Roovynk" {venom, Str+3}
 11017 | Lair:2   | Found a dark tunnel.
 11022 | Volcano  | Entered a volcano
 11079 | Volcano  | Found a radiant altar of Vehumet.
 11080 | Volcano  | Noticed a hell knight
 11165 | Volcano  | Reached skill level 10 in Fighting
 11165 | Volcano  | Reached skill level 10 in Armour
 11172 | Volcano  | Killed a hell knight
 11319 | Lair:2   | Found a staircase to the Swamp.
 11480 | Lair:2   | Found a hole to the Spider Nest.
 11626 | Lair:3   | Identified the +7 chain mail of Irghorugau {rPois Int+2
                  | SInv}
 11809 | Lair:3   | Noticed a catoblepas
 11819 | Lair:3   | Killed a catoblepas
 12474 | Lair:4   | Noticed Josephine
 12479 | Lair:4   | Killed Josephine
 12511 | Lair:4   | Reached ****** piety under Hepliaklqana
 12516 | Lair:4   | Noticed a four-headed hydra
 12533 | Lair:4   | Killed a four-headed hydra
 12534 | Lair:4   | Reached XP level 13. HP: 67/93 MP: 25/25
 12810 | Lair:4   | Found a viscous altar of Jiyva.
 12810 | Lair:4   | Found a staircase to the Slime Pits.
 13189 | Lair:4   | Noticed Nessos
 13204 | Lair:4   | Killed Nessos
 13329 | Lair:5   | Entered Level 5 of the Lair of Beasts
 13579 | Lair:5   | Reached skill level 10 in Invocations
 14003 | Lair:5   | Noticed Sonja
 14004 | Lair:5   | Noticed Snorg
 14019 | Lair:5   | Killed Sonja
 14020 | Lair:5   | Reached XP level 14. HP: 52/101 MP: 27/27
 14021 | Lair:5   | Killed Snorg
 14513 | Lair:5   | Found the +3 pair of seven-league boots {Rampage+∞}
 15174 | D:11     | Found a runed translucent gate.
 15175 | D:11     | Found a runed translucent gate.
 15176 | D:11     | Found a runed translucent gate.
 15177 | D:11     | Found an opulent altar of Gozag.
 15179 | D:11     | Noticed funkygono's ghost (journeyman GrFE)
 15291 | D:11     | Noticed Maurice
 15294 | D:11     | Killed Maurice
 15676 | D:12     | Reached skill level 10 in Short Blades
 15676 | D:12     | Reached skill level 10 in Dodging
 15687 | D:12     | Learned a level 3 spell: Frozen Ramparts
 16119 | D:12     | Reached skill level 10 in Stealth
 17369 | D:14     | Noticed Urug
 17369 | D:14     | Found a gate to the Vaults.
 17441 | D:13     | Reached skill level 10 in Long Blades
 17441 | D:13     | Reached skill level 10 in Axes
 17441 | D:13     | Reached skill level 10 in Maces & Flails
 17441 | D:13     | Reached skill level 10 in Polearms
 17441 | D:13     | Reached skill level 10 in Staves
 17441 | D:13     | Reached skill level 10 in Ranged Weapons
 17441 | D:13     | Reached skill level 10 in Throwing
 17441 | D:13     | Reached skill level 10 in Shields
 17441 | D:13     | Reached skill level 10 in Unarmed Combat
 17441 | D:13     | Reached skill level 10 in Spellcasting
 17441 | D:13     | Reached skill level 10 in Evocations
 17507 | D:13     | Reached XP level 15. HP: 90/108 MP: 29/29
 17534 | D:13     | HP: 5/108 [cyan ugly thing (13)]
 17772 | D:14     | Killed Urug
 17931 | D:14     | Found a snail-covered altar of Cheibriados.
 18730 | D:15     | Entered Level 15 of the Dungeon
 18730 | D:15     | Noticed Rupert
 18742 | D:15     | Killed Rupert
 18937 | D:15     | Found a staircase to the Depths.
 19267 | D:15     | Identified Roxanne's Disquisition on the Quarry
 19267 | D:15     | Noticed Roxanne
 19907 | D:15     | Killed Roxanne
 20091 | Orc:1    | Entered Level 1 of the Orcish Mines
 20093 | Orc:1    | You fall into a shaft and drop 1 floor!
 20093 | Orc:2    | Entered Level 2 of the Orcish Mines
 20148 | Orc:2    | Noticed an orc warlord
 20154 | Orc:2    | Paralysed by an orc sorcerer for 4 turns
 20159 | Orc:2    | Killed an orc warlord
 20167 | Orc:2    | Found Nuekin's Antique Weapon Shop.
 20261 | Orc:2    | Found Fuwkourphee's Antique Armour Boutique.
 20346 | Orc:2    | Found a staircase to the Elven Halls.
 20352 | Orc:2    | Found Jischaxeg's Weapon Shoppe.
 20432 | Orc:2    | Found Peqielumuo's Book Shop.
 20436 | Orc:2    | Noticed an orc warlord
 20455 | Orc:2    | Killed an orc warlord
 20456 | Orc:2    | Reached XP level 16. HP: 14/116 MP: 27/30
 20616 | Orc:2    | Found Tiugib's General Store.
 20623 | Orc:2    | Found Zuacziag's Jewellery Shoppe.
 21339 | Orc:1    | Found a shimmering blue altar of Sif Muna.
 21579 | Swamp:1  | Entered Level 1 of the Swamp
 21789 | Swamp:1  | Learned a level 6 spell: Statue Form
 21933 | Swamp:1  | Found a broken altar of Ashenzari.
 22672 | Swamp:1  | epen: ??rampage
 22672 | Swamp:1  | beem: rampaging[1/1]: Boot ego that causes the user to
                  | automatically take an extra step (with no time cost) when
                  | they walk towards an enemy. Can also appear on randart
                  | armour in other slots. Does not stack with {Wu Jian}
                  | martial moves. Added in 0.26.
 23225 | Swamp:3  | Noticed a fenstrider witch
 23238 | Swamp:2  | Killed a fenstrider witch
 23362 | Swamp:3  | Found a frozen archway.
 23385 | IceCv    | Entered an ice cave
 23389 | IceCv    | Mangled by a white very ugly thing

Illustrated notes

Levels and vault maps discovered:
D:1:      elethiomel_arrival_quiet, layout_basic
D:2:      layout_loops_corners, shapermc_ecumenical_altar_mp_highgroup
D:3:      layout_loops_ring, serial_co_window_serial, co_window_paths_b,
          co_window_corner_a, co_window_of_opportunity_a, co_window_paths_a,
          co_window_of_opportunity_a, co_window_of_opportunity_a,
          co_window_paths_a, co_window_unsneaky_path_e, co_window_corner_b,
          co_window_paths_c, co_window_of_opportunity_b, co_window_broadway_b,
          co_window_paths_c, co_window_4corner_b, glass_columns_a,
          glass_columns_b, glass_columns_a, gup_sewer_entry_glass
D:4:      layout_loops_ring
D:5:      layout_loops_ring, mainiacjoe_overflow_tiny_flanked, uniq_grinder
D:6:      layout_basic, marbit_many_paths, enter_ossuary_1,
          lemuel_flamethrower_2
D:7:      layout_basic, grunt_temple_overflow_magic_moments,
          kennysheep_little_box, minmay_temple_entry_enclosed_plants
D:8:      layout_basic, fedhas_altar_2, nicolae_transmutations_shop,
          uniq_gastronok
D:9:      layout_basic, trog_antimagical, david_lair_generic, orc_0_dummy,
          biasface_ghost_orc_armoury
D:10:     layout_roguey, general_overflow_altar,
          worldfamousw_hep_ancestral_shrine, old_standard_altar,
          grunt_temple_overflow_holy_war
D:11:     layout_stronghold, ebering_ghost_gozag, uniq_maurice
D:12:     layout_basic, drop_trap
D:13:     layout_gridville, nooodl_orcs_dogs
D:14:     layout_basic, david_vaults_3, cheibriados_altar_1
D:15:     gammafunk_enter_depths_forms, layout_loops_ring,
          dreamdust_mushroom_princess, hangedman_abyss_or_decor_stabs,
          uniq_rupert, uniq_roxanne
Lair:1:   layout_regular_city, lemuel_oklob_altar
Lair:2:   layout_loops_ring, nicolae_swamp_entry_splash_gauntlet,
          spider_nest_entry_webs, nicolae_volcano_entry_s_turn
Lair:3:   layout_regular_city
Lair:4:   layout_misc_corridors, slime_entry_1, chequers_serial_rivers_marsh,
          lemuel_fruit_tree, infiniplex_staircase_pool_2, uniq_josephine,
          uniq_nessos
Lair:5:   hangedman_lair_in_review, layout_gridlike, small_statue_intersection,
          hellmonk_guarded_unrand_seven_league_boots, uniq_sonja, uniq_snorg
Swamp:1:  nicolae_swamp_ascending_descending_big, layout_basic_swamp,
          basic_altar, swamp_pool5, nicolae_swamp_oklob_treasure_island
Swamp:2:  layout_basic_swamp, evilmike_swamp_ruin_wall, swamp_pool3
Swamp:3:  layout_falls_marsh, portal_ice_cave_entry_frozen_things,
          evilmike_swamp_ruin_house_6
Orc:1:    layout_diamond_mine, kennysheep_orc_sif_temple
Orc:2:    grunt_orc_gardens, layout_diamond_mine, grunt_orc_garden,
          grunt_orc_garden, grunt_orc_garden, grunt_orc_garden, serial_shops,
          nicolae_shop_stone, shop_fountains, mines3_lemuel
IceCv:    ice_cave_statue_garden_transporter

Skill      XL: |  1  2  3  4  5  6  7  8  9 10 11 12 13 14 15 16 |
---------------+-------------------------------------------------+-----
Long Blades    | 1 2 3 4 5 6 7 8 9 10 11 | 11.4
Axes           | 1 2 3 4 5 6 7 8 9 10 11 | 11.4
Maces & Flails | 1 2 3 4 5 6 7 8 9 10 11 | 11.4
Polearms       | 1 2 3 4 5 6 7 8 9 10 11 | 11.4
Staves         | 1 2 3 4 5 6 7 8 9 10 11 | 11.4
Ranged Weapons | 1 2 3 4 5 6 7 8 9 10 11 | 11.4
Throwing       | 1 2 3 4 5 6 7 8 9 10 11 | 11.4
Shields        | 1 2 3 4 5 6 7 8 9 10 11 | 11.4
Unarmed Combat | 1 2 3 4 5 6 7 8 9 10 11 | 11.4
Spellcasting   | 1 2 3 4 5 6 7 8 9 10 11 | 11.4
Evocations     | 1 2 3 4 5 6 7 8 9 10 11 | 11.4
Conjurations   | 1 2 3 4 5 6 7 8 9 |  9.6
Hexes          | 1 2 3 4 5 6 7 8 9 |  9.6
Summonings     | 1 2 3 4 5 6 7 8 9 |  9.6
Necromancy     | 1 2 3 4 5 6 7 8 9 |  9.6
Translocations | 1 2 3 4 5 6 7 8 9 |  9.6
Transmutations | 1 2 3 4 5 6 7 8 9 |  9.6
Fire Magic     | 1 2 3 4 5 6 7 8 9 |  9.6
Ice Magic      | 1 2 3 4 5 6 7 8 9 |  9.6
Air Magic      | 1 2 3 4 5 6 7 8 9 |  9.6
Earth Magic    | 1 2 3 4 5 6 7 8 9 |  9.6
Poison Magic   | 1 2 3 4 5 6 7 8 9 |  9.6
Invocations    | 3 4 5 6 7 8 9 10 11 12 | 12.7
Short Blades   | 3 4 5 6 7 8 9 10 11 | 11.7
Dodging        | 3 4 5 6 7 8 9 10 11 | 11.7
Stealth        | 3 4 5 6 7 8 9 10 11 | 11.7
Fighting       | 7 8 9 10 11 12 13 | 13.1
Armour         | 7 8 9 10 11 12 13 | 13.1

Action                     |  1- 3 |  4- 6 |  7- 9 | 10-12 | 13-15 | 16-18 || total
---------------------------+-------+-------+-------+-------+-------+-------++-------
  Melee: Short sword       |   131 |   215 |   469 |   436 |       |       ||  1251
         Punch             |     4 |     3 |    20 |    33 |    74 |    22 ||   156
         Bite              |    13 |    28 |    71 |    90 |   134 |    37 ||   373
         Morningstar       |       |       |       |    99 |   808 |   297 ||  1204
         Unarmed           |       |       |       |       |       |    10 ||    10
  Throw: Dart              |       |     2 |       |     7 |    12 |       ||    21
   Cast: Statue Form       |       |       |       |       |       |     3 ||     3
 Invoke: Ancestor Identity |     1 |       |       |       |       |       ||     1
         Recall Ancestor   |       |     1 |       |       |     2 |       ||     3
         Ancestor Life: He |       |     1 |       |       |       |       ||     1
         Idealise          |       |       |       |     2 |    10 |     2 ||    14
         Transference      |       |       |       |       |     4 |       ||     4
  Evoke: Wand              |       |       |     7 |     9 |    16 |     4 ||    36
         Lightning rod     |       |       |       |       |    11 |     3 ||    14
    Use: Scroll            |     7 |       |    10 |    12 |     1 |     6 ||    36
         Potion            |       |     1 |     5 |     1 |     7 |     3 ||    17
   Stab: Distracted        |       |     2 |     2 |    11 |    16 |     9 ||    40
         Confused          |       |     3 |     9 |    13 |    18 |     5 ||    48
         Sleeping          |       |       |       |       |     4 |       ||     4
         Paralysed         |       |       |       |       |    18 |    26 ||    44
 Armour: Chain mail        |    64 |   144 |   197 |   237 |   638 |   169 ||  1449
         Skin              |       |       |       |       |       |     7 ||     7
  Dodge: Dodged            |    40 |    98 |   140 |   211 |   664 |   230 ||  1383

Table legend: (Time is in decaauts)
 A = Elapsed time spent in this place.
 B = Non-inter-level travel time spent in this place.
 C = Inter-level travel time spent in this place.
 D = Time resting spent in this place.
 E = Time spent auto-exploring this place.
 F = Levels seen in this place.
 G = Mean time per level.
                   A        B        C        D        E       F      G
               +--------+--------+--------+--------+--------+-----+--------+
         Total |  23267 |  22066 |   1201 |   1484 |  15787 |  29 |  802.3 |
       Dungeon |  14649 |  13882 |    767 |    656 |  10510 |  15 |  976.6 |
          Lair |   4752 |   4449 |    303 |    364 |   3097 |   5 |  950.4 |
         Swamp |   1938 |   1868 |     70 |    357 |   1045 |   3 |  646.0 |
  Orcish Mines |   1228 |   1169 |     59 |     34 |    859 |   2 |  614.0 |
         Sewer |    138 |    138 |      0 |     46 |     55 |   1 |  138.0 |
       Ossuary |    334 |    334 |      0 |      0 |    191 |   1 |  334.0 |
      Ice Cave |      3 |      3 |      0 |      0 |      0 |   1 |    3.0 |
       Volcano |    221 |    221 |      0 |     27 |     29 |   1 |  221.0 |
               +--------+--------+--------+--------+--------+-----+--------+

Top non-repeatable levels by time:
    D:13: 1397 daAuts
  Lair:5: 1328 daAuts
     D:3: 1316 daAuts
     D:9: 1269 daAuts
    D:15: 1212 daAuts
 Swamp:1: 1162 daAuts
     D:2: 1150 daAuts
     D:1: 1009 daAuts
    D:14: 1009 daAuts
     D:4: 959 daAuts
  Lair:3: 932 daAuts
    D:11: 911 daAuts
  Lair:1: 878 daAuts
     D:6: 875 daAuts
   Orc:2: 852 daAuts
